Unix NetHack Version 5.0.0-0 post-release - last build May  4 2026 22:22:43 (774f63e81ad911689b3a0859ea89b322d5daca8d,branch:main).

Game began 2026-05-10 20:17:58, ended 2026-05-10 20:35:58.

Brudee, lawful female human Archeologist

                                                           -.-----
                                                           |.{...|
                                                           |.....|
                                                           |{%...-#
                                                ###        ..>...|##
                                               --@--       ------- #
                                               .<..|               #
                                               |...|               ######
                                               |...|                    #
                                               |....##                  #
                                               ....| ###########        #-----
                                               -----           ##########....|
                                                                         |..^|
                                                                         -----

Brudee the Field Worker    St:12 Dx:8 Co:15 In:12 Wi:17 Ch:11  Lawful S:796
Dlvl:4  $:24 HP:0(30) Pw:25(25) AC:8  Xp:4/128 T:1773 

Latest messages:
 You hit the iguana.
 The iguana bites!
 You hit the iguana.
 You miss the iguana.
 The iguana bites!
 You miss the iguana.
 You miss the iguana.
 You miss the iguana.
 The iguana bites!
 You miss the iguana.
 You hit the iguana.
 You miss the iguana.
 You feel more confident in your weapon skills.
 (Tip: use the #enhance command to advance them.)
 You hit the iguana.
 You miss the iguana.
 The iguana bites!
 You miss the iguana.
 The iguana bites!
 You hit the iguana.
 You miss the iguana.
 You miss the iguana.
 You kill the iguana!
 You see here an iguana corpse.
 You miss the homunculus.
 The homunculus bites!
 You hear someone cursing shoplifters.
 You descend the stairs.
 The homunculus just misses!
 What do you want to use or apply? [ae-hlyzB-D or ?*] a
 You now wield a +2 bullwhip.
 The homunculus bites!
 You miss the homunculus.
 The homunculus bites!
 What do you want to use or apply? [ae-hlyzB-D or ?*] a
 In what direction? u
 You flick your bullwhip towards the homunculus.
 You lash the homunculus.
 The homunculus bites!
 What do you want to use or apply? [ae-hlyzB-D or ?*] a
 In what direction? u
 You flick your bullwhip towards the homunculus.
 You kill the homunculus!
 There is a doorway here.
 You see here a homunculus corpse.
 There is a homunculus corpse here; eat it? [ynq] (n) y
 Ecch - that must have been poisonous!
 You die...
 Do you want your possessions identified? [ynq] (y) y
 Do you want to see your attributes? [ynq] (y) q

Inventory:
 Coins    ('$')
  $ - 24 gold pieces
 Amulets  ('"')
  x - an uncursed amulet versus poison
 Weapons  (')')
  E - a +0 elven dagger
  u - a +0 aklys
  a - a +2 bullwhip (weapon in right hand)
 Armor    ('[')
  c - an uncursed +0 fedora (being worn)
  w - a cursed rusty +0 pair of iron shoes (being worn)
  b - an uncursed +0 leather jacket (being worn)
 Comestibles  ('%')
  q - a cursed slime mold
  d - 4 uncursed food rations
  A - an uncursed fortune cookie
  m - an uncursed lichen corpse
 Scrolls  ('?')
  r - an uncursed scroll of gold detection
 Spellbooks  ('+')
  B - an uncursed spellbook of healing
  D - an uncursed spellbook of healing
 Potions  ('!')
  i - an uncursed potion of healing
 Rings    ('=')
  j - an uncursed -1 ring of adornment
  p - a cursed -1 ring of protection
 Wands    ('/')
  l - a wand of create monster (0:11)
 Tools    ('(')
  h - an empty uncursed sack
  y - an uncursed bugle
  e - a +0 pick-axe
  z - an uncursed stethoscope
  C - an uncursed tin whistle
  f - a tinning kit (0:31)
 Gems/Stones  ('*')
  n - an uncursed worthless piece of black glass
  s - an uncursed worthless piece of green glass
  v - an uncursed worthless piece of red glass
  t - an uncursed worthless piece of white glass
  g - an uncursed touchstone

Brudee the Archeologist's attributes:

Background:
 You were a Field Worker, a level 4 female human Archeologist.
 You were lawful, on a mission for Quetzalcoatl
 who was opposed by Camaxtli (neutral) and Huhetotl (chaotic).
 You were right-handed.
 You were in the Dungeons of Doom, on level 4.
 You entered the dungeon 1773 turns ago.
 You had 128 experience points, 32 more were needed to attain level 5.
 Your score was 796 before end-of-game adjustments.

Basics:
 You had 0 out of 30 hit points.
 You had all 25 energy points (spell power).
 Your armor class was 8.
 Your wallet contained 24 zorkmids.
 Autopickup was on for '!+?"/=$' plus thrown.

Final Characteristics:
 Your strength was 12 (peak:14, limit:18/100).
 Your dexterity was 8 (limit:18).
 Your constitution was 15 (limit:18).
 Your intelligence was 12 (limit:18).
 Your wisdom was 17 (limit:18).
 Your charisma was 11 (limit:18).

Final Status:
 You weren't hungry.
 You were unencumbered.
 You were wielding a whip.
 You had basic skill with whip.

Final Attributes:
 You were devoutly aligned.
 You had automatic searching.
 You were lucky.
 You are dead.

Miscellaneous:
 You didn't encounter any bones levels.
 Total elapsed playing time was 17 minutes and 59 seconds.

Major events:
 Turn
    1: Brudee the lawful female human Archeologist entered the dungeon
  631: entered the Gnomish Mines
  726: attained the rank of Field Worker (level 3)
 1773: killed by a poisonous corpse

Spells:
 Name                 Level Category     Fail Retention
 healing                1   healing       33%  76%-100%

Skills:
 Fighting Skills
   bare handed combat [Unskilled]
   two weapon combat  [Unskilled]
   riding             [Unskilled]
 Weapon Skills
   dagger             [Unskilled]
   knife              [Unskilled]
   pick-axe           [Basic]
   short sword        [Unskilled]
   saber              [Unskilled]
   club               [Unskilled]
   quarterstaff       [Unskilled]
   sling              [Unskilled]
   dart               [Unskilled]
   boomerang          [Unskilled]
   whip               [Basic]
   unicorn horn       [Unskilled]
 Spellcasting Skills
   attack spells      [Unskilled]
   healing spells     [Unskilled]
   divination spells  [Unskilled]
   matter spells      [Unskilled]

Voluntary challenges:
 Character rerolling was not enabled.
 You never genocided any monsters.
 You never polymorphed an object.
 You never changed form.
 You used no wishes.
Achievements:
 You entered the Gnomish Mines.
 You attained the rank of Field Worker.

 The Dungeons of Doom: levels 1 to 4
    Level 1:
       Some fountains.
    Level 2:
       An altar, a fountain.
    Level 3:
    Level 4: <- You were here.
       A fountain, a sink.
       Stairs down to The Gnomish Mines.
       Final resting place for
          you, killed by a poisonous corpse.
 The Gnomish Mines: levels 5 to 6
    Level 5:
    Level 6:


Vanquished creatures:
  a gnome leader
  a little dog
  a dwarf
  a homunculus
  3 iguanas
 an acid blob
  a hobbit
  a red mold
  8 gnomes
  a gecko
  a jackal
  2 sewer rats
  4 grid bugs
  5 lichens
  a kobold zombie
  3 newts
35 creatures vanquished.

No species were genocided or became extinct.

Game over:
                       ----------
                      /          \
                     /    REST    \
                    /      IN      \
                   /     PEACE      \
                  /                  \
                  |      Brudee      |
                  |      24 Au       |
                  |   killed by a    |
                  | poisonous corpse |
                  |                  |
                  |                  |
                  |       2026       |
                 *|     *  *  *      | *
        _________)/\\_//(\/(/\)/\//\/|_)_______

Goodbye Brudee the Archeologist...

You died in The Dungeons of Doom on dungeon level 4 with 794 points,
and 24 pieces of gold, after 1773 moves.
You were level 4 with a maximum of 30 hit points when you died.

